Description

Taken from sc2swarm under Standard Roach ZvP.

Replay - zvp korean openingh

Build Order

Get SALT Encoding   

  13  0:13  Overlord  
  16  0:53  Hatchery  
  18  1:12  Extractor  
  17  1:19  Spawning Pool  
  20  1:54  Hatchery  
  20  2:07  Queen  @nat for creep
  26  2:26  Metabolic Boost  
  26  2:32  Overlord  
  26  2:37  Zergling x4  
  28  2:50  Queen  @ main
  30  2:55  Zergling x2  
  30  2:57  Queen  @nat
  36  3:08  Queen  @third cancel ling speed. 2 drones into gas
  36  3:12  Overlord  
  42  3:30  Lair, Roach Warren  
  42  3:31  Overlord  
  42  3:33  Queen  @nat
  46  4:00  Extractor x2  React to specific build from here
Spawning Tool Build Advisor. Get it on Overwolf

Go to:

Details

  • Created by: swagit123
  • Published on: Apr 23, 2019
  • Modified on: Apr 23, 2019
  • Patch: 4.7.1
Show
View Real Time Build Order
Export as new Build Order

Comments (0)

There are no comments. Be the first!

Create an account to comment!